PIO (24 & UNDER)
JASPER COUGARS @ SASKATOON SMOKIN' GUNS
07/19/2024
 
TOP OF THE 1ST
Jasper Cougars batting - Pitching for Saskatoon Smokin' Guns : RHP Bernie Titus
Pitching: RHP Bernie Titus
Batting: SHB Martín Cruz 0-0: Ball
1-0: Swinging Strike
1-1: Foul Ball, location: 2F
1-2: Foul Ball, location: 2F
1-2: Ball
2-2: Strikes out swinging
Batting: RHB Fernando Gálvez 0-0: Ball
1-0: DOUBLE (Groundball, 5L)
Batting: RHB Joe Smith 0-0: Called Strike
0-1: Called Strike
0-2: Foul Ball, location: 2F
0-2: Strikes out swinging
Batting: SHB Ron Edwards 0-0: Called Strike
0-1: Ball
1-1: Swinging Strike
1-2: Strikes out swinging
Top of the 1st over - 0 run(s), 1 hit(s), 0 error(s), 1 left on base; Jasper 0 - Saskatoon 0
BOTTOM OF THE 1ST
Saskatoon Smokin' Guns batting - Pitching for Jasper Cougars : RHP António Peña
Pitching: RHP António Peña
Batting: RHB Kenny Thompson 0-0: Ball
1-0: Fly out, F7 (Flyball, 7M)
Batting: RHB Chris Richards 0-0: Foul Ball, location: 2F
0-1: Called Strike
0-2: Foul Ball, location: 2F
0-2: Strikes out swinging
Batting: LHB Russell Peck 0-0: Called Strike
0-1: Swinging Strike
0-2: SINGLE (Groundball, 34D)
Batting: RHB Xavier López 0-0: Called Strike
0-1: Ball
1-1: Ball
2-1: Swinging Strike
2-2: Ground out 6-3 (Groundball, 56)
Bottom of the 1st over - 0 run(s), 1 hit(s), 0 error(s), 1 left on base; Jasper 0 - Saskatoon 0
TOP OF THE 2ND
Jasper Cougars batting - Pitching for Saskatoon Smokin' Guns : RHP Bernie Titus
Batting: LHB António Camacho 0-0: Ground out 5-3 (Groundball, 56)
Batting: LHB Jon Scott 0-0: Bunt for hit - play at first, batter safe!
Batting: RHB Mason Thompson 0-0: 2-RUN HOME RUN (Flyball, 7LD), Distance : 418 ft
Batting: LHB Pepe Vázquez 0-0: SINGLE (Groundball, 6MD) (infield hit)
Batting: RHB George Reeves 0-0: Called Strike
0-1: Fielders Choice at 2nd, 6-4 (Groundball, 6)
Batting: SHB Martín Cruz 0-0: Foul Ball, location: 2F
0-1: Called Strike
0-2: Ball
1-2: Strikes out looking
Top of the 2nd over - 2 run(s), 3 hit(s), 0 error(s), 1 left on base; Jasper 2 - Saskatoon 0
BOTTOM OF THE 2ND
Saskatoon Smokin' Guns batting - Pitching for Jasper Cougars : RHP António Peña
Batting: RHB Eric Neal 0-0: Ball
1-0: Called Strike
1-1: Ball
2-1: Ball
3-1: DOUBLE (Flyball, 78D)
Batting: RHB César Rodríguez 0-0: Swinging Strike
0-1: Swinging Strike
0-2: Ball
1-2: Ball
2-2: Strikes out swinging
Batting: RHB Gary Spencer 0-0: Ball
Throwing error on steal attempt, E2
Eric Neal scores
1-0: Foul Ball, location: 2F
1-1: Fly out, F6 (Popup, 6S)
Batting: RHB Alvin Hampton 0-0: Called Strike
0-1: Swinging Strike
0-2: Ball
1-2: Ball
2-2: Ball
3-2: Foul Ball, location: 2F
3-2: Foul Ball, location: 2F
3-2: Base on Balls
Batting: LHB Bo Rush 0-0: Called Strike
0-1: Foul Ball, location: 2F
0-2: Foul Ball, location: 2F
0-2: Strikes out swinging
Bottom of the 2nd over - 1 run(s), 1 hit(s), 1 error(s), 1 left on base; Jasper 2 - Saskatoon 1
TOP OF THE 3RD
Jasper Cougars batting - Pitching for Saskatoon Smokin' Guns : RHP Bernie Titus
Batting: RHB Fernando Gálvez 0-0: Ground out 4-3 (Groundball, 4M)
Batting: RHB Joe Smith 0-0: Ball
1-0: Foul Ball, location: 2F
1-1: Called Strike
1-2: Ball
2-2: Ball
3-2: Fly out, F3 (Popup, 3SF)
Batting: SHB Ron Edwards 0-0: Called Strike
0-1: Fly out, F9 (Flyball, 9M)
Top of the 3rd over - 0 run(s), 0 hit(s), 0 error(s), 0 left on base; Jasper 2 - Saskatoon 1
BOTTOM OF THE 3RD
Saskatoon Smokin' Guns batting - Pitching for Jasper Cougars : RHP António Peña
Batting: RHB Kenny Thompson 0-0: Fly out, F9 (Flyball, 9M)
Batting: RHB Chris Richards 0-0: Swinging Strike
0-1: Called Strike
0-2: Foul Ball, location: 2F
0-2: Strikes out looking
Batting: LHB Russell Peck 0-0: Called Strike
0-1: DOUBLE (Line Drive, 78M)
Batting: RHB Xavier López 0-0: Ball
1-0: Foul Ball, location: 2F
1-1: Ball
2-1: Ball
3-1: DOUBLE (Line Drive, 7LM)
Russell Peck scores
Batting: RHB Eric Neal 0-0: Fly out, F8 (Flyball, 8LXD)
Bottom of the 3rd over - 1 run(s), 2 hit(s), 0 error(s), 1 left on base; Jasper 2 - Saskatoon 2
TOP OF THE 4TH
Jasper Cougars batting - Pitching for Saskatoon Smokin' Guns : RHP Bernie Titus
Batting: LHB António Camacho 0-0: Ball
1-0: Ball
2-0: Ball
3-0: Called Strike
3-1: Base on Balls
Batting: LHB Jon Scott 0-0: Ball
1-0: Fly out, F8 (Flyball, 8LXD)
Batting: RHB Mason Thompson 0-0: Ball
1-0: Ball
2-0: Foul Ball, location: 2F
2-1: Swinging Strike
2-2: Foul Ball, location: 2F
2-2: Ball
3-2: Strikes out looking
António Camacho is caught stealing 2nd base
Batter strikes out.
Top of the 4th over - 0 run(s), 0 hit(s), 0 error(s), 0 left on base; Jasper 2 - Saskatoon 2
BOTTOM OF THE 4TH
Saskatoon Smokin' Guns batting - Pitching for Jasper Cougars : RHP António Peña
Batting: RHB César Rodríguez 0-0: Ball
1-0: Fly out, F7 (Flyball, 7LS)
Batting: RHB Gary Spencer 0-0: Ball
1-0: Called Strike
1-1: Ground out 5-3 (Groundball, 5S)
Batting: RHB Alvin Hampton 0-0: Ground out 5-3 (Groundball, 5L)
Bottom of the 4th over - 0 run(s), 0 hit(s), 0 error(s), 0 left on base; Jasper 2 - Saskatoon 2
TOP OF THE 5TH
Jasper Cougars batting - Pitching for Saskatoon Smokin' Guns : RHP Bernie Titus
Batting: LHB Pepe Vázquez 0-0: Foul Ball, location: 2F
0-1: Fly out, F7 (Flyball, 7M)
Batting: RHB George Reeves 0-0: Called Strike
0-1: Ball
1-1: Ball
2-1: Foul Ball, location: 2F
2-2: Ball
3-2: Base on Balls
Batting: SHB Martín Cruz 0-0: Called Strike
0-1: Ball
1-1: Foul Ball, location: 2F
1-2: Ball
2-2: Ball
3-2: Foul Ball, location: 2F
3-2: Foul Ball, location: 2F
3-2: Foul Ball, location: 2F
3-2: Foul Ball, location: 2F
3-2: Base on Balls
George Reeves to second
Batting: RHB Fernando Gálvez 0-0: Called Strike
0-1: Called Strike
0-2: Ball
1-2: Strikes out swinging
Batting: RHB Joe Smith 0-0: Ball
1-0: Fly out, F7 (Line Drive, 7M)
Top of the 5th over - 0 run(s), 0 hit(s), 0 error(s), 2 left on base; Jasper 2 - Saskatoon 2
BOTTOM OF THE 5TH
Saskatoon Smokin' Guns batting - Pitching for Jasper Cougars : RHP António Peña
Batting: LHB Bo Rush 0-0: Ball
1-0: Ground out 4-3 (Groundball, 4M)
Batting: RHB Kenny Thompson 0-0: Foul Ball, location: 2F
0-1: Foul Ball, location: 2F
0-2: Ball
1-2: Foul Ball, location: 2F
1-2: Ball
2-2: Ball
3-2: Base on Balls
Batting: RHB Chris Richards 0-0: Fielders Choice at 2nd, 3-6 (Groundball, 3)
Batting: LHB Russell Peck 0-0: Called Strike
0-1: Ball
1-1: Ball
2-1: Called Strike
2-2: Fly out, F8 (Line Drive, 8LM)
Bottom of the 5th over - 0 run(s), 0 hit(s), 0 error(s), 1 left on base; Jasper 2 - Saskatoon 2
TOP OF THE 6TH
Jasper Cougars batting - Pitching for Saskatoon Smokin' Guns : RHP Bernie Titus
Batting: SHB Ron Edwards 0-0: Ball
1-0: Ball
2-0: Swinging Strike
2-1: Fly out, F6 (Popup, 6D)
Batting: LHB António Camacho 0-0: Called Strike
0-1: Called Strike
0-2: Fly out, F4 (Popup, 89S)
Batting: LHB Jon Scott 0-0: Ball
1-0: Foul Ball, location: 2F
1-1: Ground out 4-3 (Groundball, 4)
Top of the 6th over - 0 run(s), 0 hit(s), 0 error(s), 0 left on base; Jasper 2 - Saskatoon 2
BOTTOM OF THE 6TH
Saskatoon Smokin' Guns batting - Pitching for Jasper Cougars : RHP António Peña
Batting: RHB Xavier López 0-0: Ground out 6-3 (Groundball, 6M)
Batting: RHB Eric Neal 0-0: Ball
1-0: Foul Ball, location: 2F
1-1: Reached on error, E2 (Groundball, 2R)
Batting: RHB César Rodríguez 0-0: Ball
1-0: Foul Ball, location: 2F
1-1: Ground out 4-3 (Groundball, 4)
Eric Neal to third
Batting: RHB Gary Spencer 0-0: Called Strike
0-1: Ball
1-1: Foul Ball, location: 2F
1-2: Foul Ball, location: 2F
1-2: Foul Ball, location: 2F
1-2: Ball
2-2: SINGLE (Line Drive, 34D)
Eric Neal scores
Pitching: RHP Andrés Ruíz
Batting: RHB Alvin Hampton 0-0: Ball
1-0: Called Strike
1-1: Ball
2-1: Fly out, F9 (Flyball, 9M)
Bottom of the 6th over - 1 run(s), 1 hit(s), 1 error(s), 1 left on base; Jasper 2 - Saskatoon 3
TOP OF THE 7TH
Jasper Cougars batting - Pitching for Saskatoon Smokin' Guns : RHP Bernie Titus
Pitching: LHP Macy Catron
Batting: RHB Mason Thompson 0-0: Ball
1-0: DOUBLE (Line Drive, 78M)
Batting: LHB Pepe Vázquez 0-0: Called Strike
0-1: Ball
1-1: Swinging Strike
1-2: Strikes out swinging
Batting: RHB George Reeves 0-0: Swinging Strike
0-1: Ball
1-1: Ball
2-1: Foul Ball, location: 2F
2-2: Ball
3-2: Strikes out swinging
Batting: SHB Martín Cruz 0-0: Foul Ball, location: 2F
0-1: Ball
1-1: Ball
2-1: Swinging Strike
2-2: Foul Ball, location: 2F
2-2: Strikes out swinging
Top of the 7th over - 0 run(s), 1 hit(s), 0 error(s), 1 left on base; Jasper 2 - Saskatoon 3
BOTTOM OF THE 7TH
Saskatoon Smokin' Guns batting - Pitching for Jasper Cougars : RHP Andrés Ruíz
Batting: LHB Bo Rush 0-0: Foul Ball, location: 2F
0-1: Ball
1-1: Called Strike
1-2: Hit by Pitch
Batting: RHB Kenny Thompson 0-0: Sac Bunt - play at first, batter safe!
Bo Rush to second
Batting: RHB Chris Richards 0-0: Called Strike
0-1: Sac Bunt - play at first, batter OUT! 1-4
Bo Rush to third
Kenny Thompson to second
Batting: LHB Russell Peck 0-0: Intentional Walk
Pinch Hitting: LHB José Liñares 0-0: Called Strike
0-1: Swinging Strike
0-2: Strikes out swinging
Batting: RHB Eric Neal 0-0: Ball
1-0: Foul Ball, location: 2F
1-1: Called Strike
1-2: Foul Ball, location: 2F
1-2: Foul Ball, location: 2F
1-2: Foul Ball, location: 2F
1-2: Ball
2-2: Foul Ball, location: 2F
2-2: Ball
3-2: Base on Balls
Bo Rush scores
Kenny Thompson to third
Russell Peck to second
Batting: RHB César Rodríguez 0-0: Ground out 1-3 (Groundball, 13)
Bottom of the 7th over - 1 run(s), 1 hit(s), 0 error(s), 3 left on base; Jasper 2 - Saskatoon 4
TOP OF THE 8TH
Jasper Cougars batting - Pitching for Saskatoon Smokin' Guns : LHP Macy Catron
Now at SS: José Liñares
Batting: RHB Fernando Gálvez 0-0: Called Strike
0-1: Ball
1-1: Fly out, F2 (Popup, 23F)
Batting: RHB Joe Smith 0-0: Ball
1-0: Swinging Strike
1-1: Swinging Strike
1-2: Fly out, F9 (Flyball, 9LMF)
Batting: SHB Ron Edwards 0-0: Ball
1-0: Ball
2-0: Ball
3-0: Called Strike
3-1: Fly out, F9 (Flyball, 89M)
Top of the 8th over - 0 run(s), 0 hit(s), 0 error(s), 0 left on base; Jasper 2 - Saskatoon 4
BOTTOM OF THE 8TH
Saskatoon Smokin' Guns batting - Pitching for Jasper Cougars : RHP Andrés Ruíz
Batting: RHB Gary Spencer 0-0: Called Strike
0-1: Ball
1-1: Ball
2-1: Ball
3-1: Base on Balls
Batting: RHB Alvin Hampton 0-0: Ball
1-0: Bunted foul
1-1: Called Strike
1-2: Ball
2-2: Grounds into double play, 1-6-3 (Groundball, 13)
Batting: LHB Bo Rush 0-0: Ball
1-0: Ball
2-0: Foul Ball, location: 2F
2-1: Ball
3-1: Base on Balls
Batting: RHB Kenny Thompson 0-0: Called Strike
0-1: Fielders Choice at 2nd, 6-4 (Groundball, 6)
Bottom of the 8th over - 0 run(s), 0 hit(s), 0 error(s), 0 left on base; Jasper 2 - Saskatoon 4
TOP OF THE 9TH
Jasper Cougars batting - Pitching for Saskatoon Smokin' Guns : LHP Macy Catron
Pitching: RHP Clayton Hawkins
Batting: LHB António Camacho 0-0: Ball
1-0: DOUBLE (Groundball, 3L)
Batting: LHB Jon Scott 0-0: Called Strike
0-1: Ball
1-1: Swinging Strike
1-2: Ball
2-2: Foul Ball, location: 2F
2-2: Ball
3-2: Base on Balls
Pinch Hitting: RHB Juan Vázquez 0-0: Called Strike
0-1: Called Strike
0-2: Ball
1-2: Ball
2-2: Ball
3-2: Base on Balls
António Camacho to third
Jon Scott to second
Batting: LHB Pepe Vázquez 0-0: Called Strike
0-1: Swinging Strike
0-2: Ball
1-2: Strikes out swinging
Pinch Hitting: LHB Kyle Harrison Single, Error in OF, E8, batter to second base
António Camacho scores
Jon Scott scores
Juan Vázquez to third
Batting: SHB Martín Cruz 0-0: Fly out, F7 (Flyball, 7M)
Runner from 3rd tags up, SCORES, no throw
Pitching: RHP Lorenzo Montáñez
Batting: RHB Fernando Gálvez 0-0: Ball
1-0: Ball
2-0: Called Strike
2-1: Swinging Strike
2-2: Ball
3-2: Strikes out looking
Top of the 9th over - 3 run(s), 2 hit(s), 1 error(s), 1 left on base; Jasper 5 - Saskatoon 4
BOTTOM OF THE 9TH
Saskatoon Smokin' Guns batting - Pitching for Jasper Cougars : RHP Andrés Ruíz
Pitching: RHP Steve Snyder
Now at C: Juan Vázquez
Now at 2B: Kyle Harrison
Now at 3B: José Ortega
Batting: RHB Chris Richards 0-0: Called Strike
0-1: Fly out, F8 (Flyball, 8LD)
Batting: LHB Russell Peck 0-0: Ball
1-0: Ball
2-0: Ball
3-0: SINGLE (Groundball, 34D)
Pinch Runner at 1st Luis Suárez:
Batting: LHB José Liñares 0-0: Ball
1-0: Ball
2-0: Hit by Pitch
Luis Suárez to second
Batting: RHB Eric Neal 0-0: Called Strike
0-1: Ball
1-1: Ball
2-1: Foul Ball, location: 2F
2-2: Foul Ball, location: 2F
2-2: Ball
3-2: Base on Balls
Luis Suárez to third
José Liñares to second
Batting: RHB César Rodríguez 0-0: Fly out, F7 (Flyball, 7S)
Runner from 3rd tags up, SCORES, throw made
Batting: RHB Gary Spencer 0-0: Ball
1-0: Ball
2-0: Ball
3-0: Called Strike
3-1: Fielders Choice at 2nd, U6 (Groundball, 6M)
Bottom of the 9th over - 1 run(s), 1 hit(s), 0 error(s), 2 left on base; Jasper 5 - Saskatoon 5
TOP OF THE 10TH
Jasper Cougars batting - Pitching for Saskatoon Smokin' Guns : RHP Lorenzo Montáñez
Pitching: RHP Daniel Casey
Pinch Hitting: RHB Juan Carlos 0-0: Ball
1-0: Fly out, F9 (Popup, 9LS)
Batting: SHB Ron Edwards 0-0: Foul Ball, location: 2F
0-1: Foul Ball, location: 2F
0-2: Strikes out swinging
Batting: LHB António Camacho 0-0: Ball
1-0: Ball
2-0: Foul Ball, location: 2F
2-1: Called Strike
2-2: Ground out 6-3 (Groundball, 6)
Top of the 10th over - 0 run(s), 0 hit(s), 0 error(s), 0 left on base; Jasper 5 - Saskatoon 5
BOTTOM OF THE 10TH
Saskatoon Smokin' Guns batting - Pitching for Jasper Cougars : RHP Steve Snyder
Now at SS: Juan Carlos
Batting: RHB Alvin Hampton 0-0: Ball
1-0: Called Strike
1-1: Ground out 6-3 (Groundball, 6M)
Batting: LHB Bo Rush 0-0: Ground out 3-1 (Groundball, 34)
Batting: RHB Kenny Thompson 0-0: Foul Ball, location: 2F
0-1: Ball
1-1: Ground out 4-3 (Groundball, 4)
Bottom of the 10th over - 0 run(s), 0 hit(s), 0 error(s), 0 left on base; Jasper 5 - Saskatoon 5
TOP OF THE 11TH
Jasper Cougars batting - Pitching for Saskatoon Smokin' Guns : RHP Daniel Casey
Batting: RHB José Ortega 0-0: Called Strike
0-1: SINGLE (Groundball, 56D)
Batting: RHB Juan Vázquez 0-0: Foul Ball, location: 2F
0-1: Ball
1-1: Ball
2-1: Ball
3-1: SINGLE (Groundball, 56)
José Ortega to second
Batting: LHB Pepe Vázquez 0-0: Fielders Choice at 2nd, 3-6 (Groundball, 3)
José Ortega to third
Batting: LHB Kyle Harrison 0-0: Ball
1-0: Fly out, F7 (Flyball, 7M)
Runner from 3rd tags up, SCORES, throw made
Batting: SHB Martín Cruz 0-0: Ball
1-0: Fly out, F8 (Flyball, 8LM)
Top of the 11th over - 1 run(s), 2 hit(s), 0 error(s), 1 left on base; Jasper 6 - Saskatoon 5
BOTTOM OF THE 11TH
Saskatoon Smokin' Guns batting - Pitching for Jasper Cougars : RHP Steve Snyder
Pitching: LHP Júlio Aguilar
Batting: RHB Chris Richards 0-0: Ball
1-0: Swinging Strike
1-1: Swinging Strike
1-2: Strikes out swinging
Batting: RHB Luis Suárez 0-0: Called Strike
0-1: Swinging Strike
0-2: Ball
1-2: Ball
2-2: Strikes out swinging
Pinch Hitting: RHB Jason O'Toole 0-0: Swinging Strike
0-1: SINGLE (Line Drive, 34)
Batting: RHB Eric Neal 0-0: Ball
1-0: Called Strike
1-1: Ball
2-1: Called Strike
2-2: Strikes out swinging
Bottom of the 11th over - 0 run(s), 1 hit(s), 0 error(s), 1 left on base; Jasper 6 - Saskatoon 5
This league is powered by Out of the Park Baseball, the baseball management simulation game for PC, Mac and Linux
Saturday, April 9th, 2016 - OOTP Baseball 16.8 Build 38